 Dungeon Crawl Stone Soup version 0.23-a0-899-gbbae0a3 (webtiles) character file.

Game seed: 10503416294666540724

319 emperorscorpion the Chopper (level 6, -6/48 HPs)
             Began as a Demonspawn Berserker on Jan 29, 2019.
             Was a Believer of Trog.
             Killed by divine providence
             ... invoked by an orc priest
              (12 damage)
             ... on level 3 of the Dungeon.
             The game lasted 00:03:21 (1323 turns).

emperorscorpion the Chopper (Demonspawn Berserker)  Turns: 1323, Time: 00:03:22

Health: -6/48      AC:  2    Str: 19    XL:     6   Next: 21%
Magic:  6/6        EV: 12    Int:  8    God:    Trog [**....]
Gold:   77         SH:  3    Dex: 15    Spells: 5/5 levels left

rFire    . . .     SeeInvis .   a - +0 hand axe
rCold    . . .     Gourm    .   i - +0 buckler
rNeg     . . .     Faith    .   b - +0 animal skin
rPois    +         Spirit   .   (helmet restricted)
rElec    .         Reflect  .   (no cloak)
rCorr    .         Harm     .   (no gloves)
MR       .....                  (no boots)
Stlth    +++++.....             (no amulet)
HPRegen  0.56/turn              (no ring)
MPRegen  0.10/turn              (no ring)

@: berserk cooldown, slowed, very slow
A: horns 1, thin skeletal structure 1, demonic guardian 1, nightstalker 2,
poison resistance, regeneration 1
a: Berserk, Trog's Hand, Renounce Religion


You were on level 3 of the Dungeon.
You worshipped Trog.
Trog was pleased with you.
You were very hungry.

You visited 1 branch of the dungeon, and saw 3 of its levels.

You collected 77 gold pieces.

Inventory:

Hand Weapons
 a - a +0 hand axe (weapon)
 k - a +0 mace
Armour
 b - a +0 animal skin (worn)
 i - a +0 buckler (worn)
Scrolls
 f - 4 scrolls of identify {unknown}
 g - 3 scrolls of teleportation {unknown}
 h - a scroll of enchant armour {unknown}
 m - a scroll of remove curse {unknown}
 o - a scroll of immolation {unknown}
Potions
 e - a potion of curing {unknown}
 j - a potion of haste {unknown}
 l - 2 potions of might {unknown}
 n - a potion of mutation
Comestibles
 c - 4 rations
 d - a chunk of flesh


   Skills:
 + Level 3.9 Fighting
 + Level 4.6 Axes
 + Level 2.0 Armour
 + Level 2.8 Dodging
 + Level 2.6 Stealth
 + Level 0.2 Shields


You had 5 spell levels left.
You didn't know any spells.
Your spell library was empty.

Dungeon Overview and Level Annotations

Branches:
Dungeon (3/15)

Altars:
Dithmenos


Innate Abilities, Weirdness & Mutations

You have a pair of small horns on your head.
A weak demonic guardian rushes to your aid.
You are significantly more attuned to the shadows.
You have a somewhat thin skeletal structure. (Dex +2, Stealth)
Your system is resistant to poisons. (rPois)
Your natural rate of healing is unusually fast.


Message History

You are exhausted.
You feel yourself slow down. The orc priest barely misses you.
You see here a goblin corpse.
You hit the orc priest. You headbutt the orc priest.
The orc priest is heavily wounded.
The orc priest hits you with a +0 hand axe.
* * * LOW HITPOINT WARNING * * *
You barely miss the orc priest.
The orc priest is heavily wounded.
The orc priest closely misses you. The orc priest barely misses you.
You hit the orc priest.
The orc priest is severely wounded.
Your iron imp disappears in a puff of smoke!
The orc priest closely misses you.
You hit the orc priest but do no damage.
The orc priest is severely wounded.
The orc priest closely misses you.
The orc priest mumbles some strange prayers to Beogh against you.
Beogh smites you!
You die...

# #. .o.
..oo############
...o.).........# ##
....##########.# #.##
...
########.#####...## #.
.#.#(#))...)<........#
.
....o@§####...........
.#.#.#†# #####......#
.....# #.........
#.#.#.# #.#.......
.......# #......#..
.#.#.#.# #......(#.
#........# ...........
...........


You could see an orc priest.

Vanquished Creatures
  Sigmund (D:3)
  An orc priest (D:3)
  An orc wizard (D:3)
  Robin (D:3)
  4 adders
  A dart slug (D:1)
  2 orcs (D:3)
  2 giant cockroaches (D:1)
  11 hobgoblins
  4 jackals (D:1)
  A ball python (D:3)
  2 bats (D:2)
  4 frilled lizards
  12 goblins
  6 kobolds
  5 rats
58 creatures vanquished.

Vanquished Creatures (collateral kills)
  An orc (D:3)
  A goblin (D:3)
2 creatures vanquished.

Grand Total: 60 creatures vanquished

Notes
Turn   | Place    | Note
-------+----------+-------------------------------------------
     0 | D:1      | emperorscorpion the Demonspawn Berserker began the quest
                  | for the Orb.
     0 | D:1      | Reached XP level 1. HP: 18/18 MP: 1/1
   222 | D:2      | Reached skill level 3 in Axes
   222 | D:2      | Gained mutation: You are slightly more attuned to the
                  | shadows. [demonic ancestry]
   222 | D:2      | Reached XP level 2. HP: 24/24 MP: 2/2
   230 | D:2      | Gained mutation: You have a pair of small horns on your
                  | head. [demonic ancestry]
   230 | D:2      | Reached XP level 3. HP: 29/29 MP: 3/3
   418 | D:2      | Found a shadowy altar of Dithmenos.
   718 | D:1      | Reached ** piety under Trog
   867 | D:3      | Gained mutation: Armour fits poorly on your strangely
                  | shaped body. [potion of mutation]
   867 | D:3      | Gained mutation: Your mind is acute. (Int +2) [potion of
                  | mutation]
   867 | D:3      | Gained mutation: Your natural rate of healing is unusually
                  | fast. [potion of mutation]
   874 | D:3      | Lost mutation: Your mind is acute. (Int +2) [potion of
                  | mutation]
   874 | D:3      | Lost mutation: Armour fits poorly on your strangely shaped
                  | body. [potion of mutation]
   874 | D:3      | Gained mutation: Your system is resistant to poisons.
                  | (rPois) [potion of mutation]
   874 | D:3      | Gained mutation: You have a somewhat thin skeletal
                  | structure. (Dex +2, Stealth) [potion of mutation]
  1008 | D:3      | Noticed Sigmund
  1013 | D:3      | Gained mutation: A weak demonic guardian rushes to your
                  | aid. [demonic ancestry]
  1013 | D:3      | Reached XP level 4. HP: 36/36 MP: 4/4
  1021 | D:3      | Killed Sigmund
  1021 | D:3      | Reached skill level 4 in Axes
  1021 | D:3      | Gained mutation: You are significantly more attuned to the
                  | shadows. [demonic ancestry]
  1021 | D:3      | Reached XP level 5. HP: 32/42 MP: 5/5
  1265 | D:3      | Identified the cursed -1 helmet of the Orcish Mines {Dex+6}
  1265 | D:3      | Noticed Robin
  1299 | D:3      | Reached XP level 6. HP: 46/48 MP: 6/6
  1313 | D:3      | Killed Robin
  1323 | D:3      | Killed from afar by an orc priest

Vault maps used:
D:1:      enne_arrival_octagon_isle
D:2:      grunt_dithmenos_smoke_and_mirrors
D:3:      lemuel_coloured_pillars_altar, first_ration, st_stairs_10,
          small_statue_alley_b, grunt_ministairs_5, uniq_natasha, uniq_robin,
          uniq_sigmund

Skill      XL: |  1  2  3  4 |
---------------+-------------+-----
Axes           | 3 4 |  4.6
Dodging        | 2 |  2.8
Armour         | 2 |  2.0
Stealth        | 2 |  2.6
Fighting       | |  3.9
Shields        | |  0.2

Action                   |  1- 3 |  4- 6 || total
-------------------------+-------+-------++-------
Melee: Hand axe          |    81 |    47 ||   128
       Headbutt          |     8 |    10 ||    18
Invok: Berserk           |     3 |     1 ||     4
       Trog's Hand       |     1 |       ||     1
  Use: Potion            |     4 |       ||     4
 Stab: Sleeping          |    10 |       ||    10
  Eat: Chunk             |     3 |     1 ||     4
Armor: Animal skin       |    11 |     1 ||    12
Dodge: Dodged            |    50 |    16 ||    66
Block: Buckler           |     4 |     2 ||     6

Table legend:
 A = Non-vault XP
 B = Vault XP
 C = Vault XP percentage of total XP
 D = Non-vault monster count
 E = Vault monster count
 F = Vault count percentage of total count
                 A         B        C        D         E       F
            +---------+---------+-------+---------+---------+-------
      Total |     192 |     264 |  57.9 |      43 |      17 |  28.3
            +---------+---------+-------+---------+---------+-------
        D:1 |      28 |       0 |   0.0 |      15 |       0 |   0.0
        D:2 |      51 |       0 |   0.0 |      13 |       0 |   0.0
        D:3 |     113 |     264 |  70.0 |      15 |      17 |  53.1
            +---------+---------+-------+---------+---------+-------
